AoeStats
← AJ0

Arabia

510770429Analyzed
1v1 RM · 14h ago on Oct 2, 2026· 31m 2s· 2 players
Game mode
Random Map
Map size
Tiny (2 player)
Population
200
Speed
Normal
Resources
Standard
Victory
Conquest
Starting age
Dark Age
Ending age
Imperial Age
RankedLock teamsTeams togetherTeam positionsShared explorationLock speedFull tech treeHidden civsTurbo modeCheats
Victory
Defeat
🇨🇴 Persians · Colombia
1174
+14
🇹🇼 Franks · Taiwan
1138
-14
AJ0
6:00 Loom
8:43 Feudal Age
18:25 Wheelbarrow
18:36 Double-Bit Axe
22:02 Castle Age
19:57 Horse Collar
20:18 Gold Mining
23:21 Bloodlines
23:11 Husbandry
23:18 Scale Barding Armor
27:00 Forging
30:24 Chain Barding Armor
kevin1994912
7:48 Loom
9:37 Feudal Age
11:00 Loom
11:07 Double-Bit Axe
21:11 Castle Age
20:12 Forging
19:54 Gold Mining
20:44 Scale Barding Armor
22:58 Chain Barding Armor
24:50 Husbandry
27:18 Stone Mining
30:00 Wheelbarrow
Connection lost

Rejoining the realm…

Still unreachable

The connection could not be restored.

Session expired

The server has moved on; the page needs a fresh start.